 Dungeon Crawl Stone Soup version 0.24-a0-412-ge138f7edaf (webtiles) character file.

Game seed: 10301665162577832419

863 emperorscorpion the Chopper (level 7, -11/50 HPs)
             Began as a Demonspawn Berserker on June 6, 2019.
             Was a Priest of Trog.
             Mangled by a gnoll sergeant
             ... wielding a +1 trident of venom
              (12 damage)
             ... on level 6 of the Dungeon.
             The game lasted 00:10:35 (1001 turns).

emperorscorpion the Chopper (Demonspawn Berserker)  Turns: 1001, Time: 00:10:36

Health: -11/50     AC:  6    Str: 22    XL:     7   Next: 72%
Magic:  0/7        EV: 12    Int: 10    God:    Trog [***...]
Gold:   124        SH:  0    Dex: 12    Spells: 6/6 levels left

rFire    . . .     SeeInvis .   a - +0 war axe
rCold    . . .     Gourm    .   (no shield)
rNeg     . . .     Faith    .   e - +1 ring mail
rPois    +         Spirit   +   (helmet restricted)
rElec    .         Reflect  .   (no cloak)
rCorr    .         Harm     .   (no gloves)
MR       .....                  (no boots)
Stlth    +.........             (no amulet)
HPRegen  0.16/turn              r - ring of poison resistance
MPRegen  0.10/turn              (no ring)

@: berserk cooldown, slowed, very slow
A: claws 1, horns 2, clever 1, frail 1, strong 1, magic shield
a: Berserk, Trog's Hand, Renounce Religion


You were on level 6 of the Dungeon.
You worshipped Trog.
Trog was most pleased with you.
You were not hungry.

You visited 1 branch of the dungeon, and saw 6 of its levels.
You also visited: Ossuary.

You collected 124 gold pieces.

Inventory:

Hand Weapons
 a - a +0 war axe (weapon)
 m - a +0 morningstar
 o - a +0 hand axe
Missiles
 d - 6 atropa-tipped darts (quivered)
Armour
 b - a +0 animal skin
 e - a +1 ring mail (worn)
Jewellery
 r - a ring of poison resistance (left claw)
Scrolls
 f - 3 scrolls of teleportation {unknown}
 g - 3 scrolls of enchant weapon {unknown}
 h - 7 scrolls of identify {unknown}
 i - 3 scrolls of blinking {unknown}
 l - 3 scrolls of remove curse
 n - 2 scrolls of enchant armour
Potions
 j - a potion of cancellation {unknown}
 k - a potion of brilliance
 p - 2 potions of curing
Comestibles
 c - 4 rations
 q - a chunk of flesh


   Skills:
 + Level 5.0 Fighting
 + Level 6.0 Axes
 + Level 0.1 Throwing
 + Level 3.1 Armour
 + Level 3.5 Dodging
 + Level 1.9 Stealth


You had 6 spell levels left.
You didn't know any spells.
Your spell library was empty.

Dungeon Overview and Level Annotations

Branches:
Dungeon (6/15)
 Temple: D:4-7

Altars:

Shops:
D:4 *


Innate Abilities, Weirdness & Mutations

You have a pair of horns on your head.
When hurt, damage is shared between your health and your magic reserves.
You have sharp fingernails.
Your mind is acute. (Int +2)
You are frail. (-10% HP)
Your muscles are strong. (Str +2)


Message History

The gnoll sergeant is moderately wounded.
The gnoll sergeant hits you with a +1 trident of venom.
* * * LOW HITPOINT WARNING * * *
The gnoll sergeant closely misses you.
The gnoll sergeant blocks your attack. x2
The gnoll sergeant is moderately wounded.
A gnoll comes into view. It is wielding a +0 club.
The gnoll sergeant barely misses you.
You slash the gnoll sergeant!
The gnoll sergeant is heavily wounded.
The gnoll sergeant closely misses you. The gnoll sergeant barely misses you.
You barely miss the gnoll sergeant. You headbutt the gnoll sergeant.
The gnoll sergeant is heavily wounded.
You hit the gnoll. The gnoll hits you with a +0 club.
* * * LOW HITPOINT WARNING * * *
The gnoll sergeant hits you with a +1 trident of venom!
* * * LOW HITPOINT WARNING * * *
The gnoll hits you but does no damage.
The gnoll sergeant hits you with a +1 trident of venom!
You die...

#.####.........###.
#....... #.....#..
#......######...... #
#.............#...# .#.
##..................
....#. #.....<.(..†#....
......##......#.....###.
#..g.......#.....# #
##.#@g.....##...## .
##...........#
....###(.........#
.....Z.(..........
.g...>.......#..###
..#........####.#
...........>.
##.............
###...........


You could see a gnoll sergeant and a gnoll.

Vanquished Creatures
  An ice beast (D:5)
  A centaur (D:6)
  An elf zombie (Ossuary)
  A bullfrog (D:6)
  A human zombie (Ossuary)
  A jelly (D:6)
  4 orc wizards
  An orc priest (D:4)
  An iguana (D:2)
  Natasha (twice) (D:3)
  2 worker ants (D:6)
  A big kobold zombie (Ossuary)
  A hound zombie (D:5)
  2 mummies (Ossuary)
  A hound skeleton (D:4)
  6 adders
  2 adder zombies
  2 worms
  4 dart slugs (D:3)
  3 leopard geckos
  6 orcs
  2 giant cockroaches
  5 goblins
  3 hobgoblins
  A quokka (D:2)
  A ball python (D:2)
  A frilled lizard (D:2)
  3 goblin zombies (Ossuary)
  7 hobgoblin zombies (Ossuary)
  2 jackal zombies (Ossuary)
  7 kobold zombies (Ossuary)
  12 orc zombies (Ossuary)
  2 rats (D:2)
  2 rat zombies (Ossuary)
92 creatures vanquished.

Vanquished Creatures (others)
  An orc wizard (D:3)
  A gnoll (D:6)
2 creatures vanquished.

Grand Total: 94 creatures vanquished

Notes
Turn   | Place    | Note
-------+----------+-------------------------------------------
     0 | D:1      | emperorscorpion the Demonspawn Berserker began the quest
                  | for the Orb.
     0 | D:1      | Reached XP level 1. HP: 18/18 MP: 1/1
    54 | D:2      | Noticed an iguana
    69 | D:2      | Reached skill level 3 in Axes
    69 | D:2      | Gained mutation: When hurt, damage is shared between your
                  | health and your magic reserves. [demonic ancestry]
    69 | D:2      | Reached XP level 2. HP: 24/24 MP: 2/2
    73 | D:2      | Gained mutation: You have a pair of small horns on your
                  | head. [demonic ancestry]
    73 | D:2      | Reached XP level 3. HP: 29/29 MP: 3/3
   283 | D:3      | Reached XP level 4. HP: 33/37 MP: 2/4
   315 | D:4      | Found Vavant's General Store.
   478 | D:3      | Reached ** piety under Trog
   499 | D:3      | Noticed Natasha
   510 | D:3      | Gained mutation: You are frail. (-10% HP) [potion of
                  | mutation]
   510 | D:3      | Gained mutation: Your muscles are strong. (Str +2) [potion
                  | of mutation]
   510 | D:3      | Gained mutation: Your mind is acute. (Int +2) [potion of
                  | mutation]
   510 | D:3      | Gained mutation: You have sharp fingernails. [potion of
                  | mutation]
   523 | D:3      | Killed Natasha
   523 | D:3      | Gained mutation: You have a pair of horns on your head.
                  | [demonic ancestry]
   523 | D:3      | Reached XP level 5. HP: 34/37 MP: 3/5
   539 | D:3      | Noticed Natasha
   560 | D:3      | Killed Natasha
   589 | D:5      | Entered Level 5 of the Dungeon
   593 | D:5      | Noticed an ice beast
   603 | D:5      | Reached skill level 4 in Axes
   605 | D:5      | Killed an ice beast
   605 | D:5      | Reached skill level 1 in Stealth
   605 | D:5      | Reached XP level 6. HP: 6/44 MP: 0/6
   688 | D:5      | Found a sand-covered staircase.
   714 | Ossuary  | Entered an ossuary
   777 | Ossuary  | Reached *** piety under Trog
   784 | Ossuary  | Reached skill level 5 in Axes
   784 | Ossuary  | Reached XP level 7. HP: 40/49 MP: 4/7
   997 | D:6      | Reached skill level 5 in Fighting
   997 | D:6      | Reached skill level 6 in Axes
  1001 | D:6      | HP: 1/50 [gnoll sergeant/+1 trident of venom (9)]
  1001 | D:6      | Mangled by a gnoll sergeant

Levels and vault maps discovered:
D:1:      co_arrival_square_in_a_square_in_a_square, layout_basic
D:2:      layout_rooms, led_sif_pool, uniq_robin
D:3:      kennysheep_slugbush, layout_basic, uniq_natasha
D:4:      layout_rooms, lemuel_round_altar, fedhas_bush_and_centaur_altar,
          tso_altar, serial_shops, shop, item_on_display_a
D:5:      layout_basic, first_ration, nicolae_ossuary_entry_monument
D:6:      layout_cave_pools, minmay_temple_entry_statues_pillars

Skill      XL: |  1  2  3  4  5  6  7 |
---------------+----------------------+-----
Axes           | 3 4 5 6 |  6.0
Armour         | 2 3 |  3.1
Dodging        | 2 3 |  3.5
Fighting       | 4 5 |  5.0
Stealth        | 1 |  1.9
Throwing       | |  0.1

Action                   |  1- 3 |  4- 6 |  7- 9 || total
-------------------------+-------+-------+-------++-------
Melee: Hand axe          |    52 |    21 |       ||    73
       Headbutt          |     7 |    17 |    17 ||    41
       Unarmed           |       |    30 |       ||    30
       War axe           |       |    69 |    55 ||   124
Throw: Dart              |       |     3 |       ||     3
Invok: Berserk           |     3 |     6 |     1 ||    10
       Trog's Hand       |       |     2 |       ||     2
  Use: Potion            |     2 |     6 |       ||     8
       Scroll            |     1 |     2 |       ||     3
 Stab: Invisible         |       |     4 |       ||     4
  Eat: Chunk             |       |     8 |     3 ||    11
Armor: Animal skin       |     1 |       |       ||     1
       Ring mail         |    10 |    48 |    20 ||    78
Dodge: Dodged            |    25 |   177 |    35 ||   237

Table legend:
 A = Non-vault XP
 B = Vault XP
 C = Vault XP percentage of total XP
 D = Non-vault monster count
 E = Vault monster count
 F = Vault count percentage of total count
                 A         B        C        D         E       F
            +---------+---------+-------+---------+---------+-------
      Total |     947 |     286 |  23.2 |      52 |      42 |  44.7
            +---------+---------+-------+---------+---------+-------
        D:1 |       4 |       0 |   0.0 |       2 |       0 |   0.0
        D:2 |      70 |       0 |   0.0 |      13 |       0 |   0.0
        D:3 |     138 |      43 |  23.8 |      14 |       3 |  17.6
        D:4 |     107 |       0 |   0.0 |       5 |       0 |   0.0
        D:5 |     309 |       0 |   0.0 |      10 |       0 |   0.0
        D:6 |     319 |       0 |   0.0 |       8 |       0 |   0.0
    Ossuary |       0 |     243 | 100.0 |       0 |      39 | 100.0
            +---------+---------+-------+---------+---------+-------
